 Dungeon Crawl Stone Soup version 0.21-a0-227-g58a7c62 (webtiles) character file.

909 Chiseanne the Chopper (level 7, -2/63 HPs)
             Began as a Minotaur Berserker on Aug 31, 2017.
             Was a Believer of Trog.
             Slain by an orc
             ... wielding a +0 trident
              (6 damage)
             ... on level 8 of the Dungeon.
             The game lasted 00:06:13 (1826 turns).

Chiseanne the Chopper (Minotaur Berserker)          Turns: 1826, Time: 00:06:14

Health: -2/63      AC:  8    Str: 21    XL:     7   Next: 81%
Magic:  6/6        EV: 13    Int:  4    God:    Trog [**....]
Gold:   101        SH:  0    Dex: 12    Spells: 6/6 levels left

rFire    . . .     SeeInvis .   a - +0 hand axe
rCold    . . .     Gourm    .   (no shield)
rNeg     . . .     Faith    .   p - +0 ring mail
rPois    .         Spirit   .   (helmet restricted)
rElec    .         Reflect  .   d - +0 cloak
rCorr    .         Harm     .   (no gloves)
MR       .....                  k - +0 pair of boots
Stlth    +.........             (no amulet)
HPRegen  0.20/turn              (no ring)
MPRegen  0.10/turn              (no ring)

@: berserk cooldown, fainting, slowed, very slow
A: retaliatory headbutt, horns 2
a: Berserk, Trog's Hand, Burn Spellbooks, Renounce Religion


You were on level 8 of the Dungeon.
You worshipped Trog.
Trog was pleased with you.
You were fainting.

You visited 1 branch of the dungeon, and saw 8 of its levels.

You collected 101 gold pieces.

Inventory:

Hand Weapons
 a - a +0 hand axe (weapon)
Missiles
 h - 55 stones (quivered)
 j - 45 arrows
 r - 8 tomahawks
Armour
 d - a +0 cloak (worn)
 k - a +0 pair of boots (worn)
 p - a +0 ring mail (worn)
Jewellery
 i - an uncursed amulet of rage {unknown}
 s - a +6 ring of slaying {unknown}
Wands
 q - a wand of polymorph (15/24)
 u - a wand of iceblast (6/15)
Potions
 b - a potion of curing {unknown}
 e - 2 potions of lignification {unknown}
 l - a potion of mutation {unknown}
 m - a potion of invisibility {unknown}
 o - 2 potions of flight {unknown}
Comestibles
 c - 2 bread rations
 f - a fruit
 g - a royal jelly
 t - 2 chunks of flesh


   Skills:
 * Level 6.2 Fighting
 * Level 6.6 Axes
 * Level 5.8 Armour
 * Level 5.4 Dodging


You had 6 spell levels left.
You didn't know any spells.

Dungeon Overview and Level Annotations

Branches:
Dungeon (8/15)
 Temple: D:4-7         Lair: D:8-11

Altars:
Gozag
Trog

Shops:
D:4 :


Innate Abilities, Weirdness & Mutations

You reflexively headbutt those who attack you in melee.
You have a pair of horns on your head.


Message History

* * * LOW HITPOINT WARNING * * *
The orc wizard misses you. You furiously retaliate!
You headbutt the orc wizard, but do no damage.
The hungry ghost barely misses you. You furiously retaliate!
You headbutt the hungry ghost.
The orc wizard hits you with a dagger of flaming.
* * * LOW HITPOINT WARNING * * *
The orc wizard burns you.
* * * LOW HITPOINT WARNING * * *
You closely miss the hungry ghost.
The hungry ghost is almost destroyed.
You hit the orc wizard. The orc hits you but does no damage.
The hungry ghost hits you.
You feel slightly more hungry. The orc wizard barely misses you.
You furiously retaliate!
You headbutt the orc wizard!
You kill the orc wizard!
Trog accepts your kill.
Trog appreciates your killing of a magic user.
The orc hits you from afar with a trident.
You die...

#. #...
###.#####..##. .#####
>...<...##.... .....#
.....)......##
#....###
.....)..###.<#
#.[....#
)...[).<####(###....#
....)...............#
.###..########oW)).?#
. #..## ###@...#
....# #..(.# #.....
#.....>.. #.####
.....###. .. ###### #


You could see a hungry ghost and an orc.

Vanquished Creatures
  A komodo dragon (D:8)
  Duvessa (D:4)
  2 centaurs
  Dowan (D:4)
  A hound (D:4)
  An orc wizard (D:8)
  A gnoll shaman (D:8)
  A centaur skeleton (D:7)
  Ijyb (D:5)
  An iguana (D:4)
  2 worker ants (D:4)
  5 gnolls (D:8)
  2 adders
  A dart slug (D:1)
  2 leopard geckos (D:4)
  3 orcs
  2 bats (D:1)
  A giant cockroach (D:2)
  3 goblins
  3 hobgoblins
  3 kobolds (D:1)
  4 frilled lizards
  A leopard gecko skeleton (D:4)
  6 rats
49 creatures vanquished.

Notes
Turn   | Place    | Note
-------+----------+-------------------------------------------
     0 | D:1      | Chiseanne the Minotaur Berserker began the quest for the Orb.
     0 | D:1      | Reached XP level 1. HP: 19/19 MP: 0/0
   292 | D:1      | Reached XP level 2. HP: 26/27 MP: 1/1
   813 | D:3      | Found an opulent altar of Gozag.
   822 | D:3      | Reached XP level 3. HP: 28/33 MP: 2/2
  1096 | D:4      | Noticed Duvessa
  1098 | D:4      | Noticed Dowan
  1107 | D:4      | Killed Duvessa
  1107 | D:4      | Reached skill level 5 in Axes
  1107 | D:4      | Reached XP level 4. HP: 41/41 MP: 3/3
  1107 | D:4      | Reached XP level 5. HP: 47/47 MP: 4/4
  1109 | D:4      | Killed Dowan
  1151 | D:4      | Found a bloodstained altar of Trog.
  1153 | D:4      | Chiseanne: heya
  1153 | D:4      | Chiseanne: whats up?
  1271 | D:4      | Found Loba's Book Shoppe.
  1303 | D:4      | wingboner: Al's fun and games. You?
  1309 | D:4      | Reached skill level 5 in Fighting
  1309 | D:4      | Reached XP level 6. HP: 56/56 MP: 5/5
  1312 | D:4      | Chiseanne: need a day off Path of Exile..game was pissing me off haha
  1404 | D:5      | Entered Level 5 of the Dungeon
  1409 | D:5      | Noticed Ijyb
  1434 | D:5      | Killed Ijyb
  1518 | D:7      | Chiseanne: do you play PoE ?
  1518 | D:7      | wingboner: MMOs tend to be frustratingly good.
  1518 | D:7      | wingboner: Nah.
  1518 | D:7      | Chiseanne: dont like it=
  1518 | D:7      | wingboner: Never tried.
  1518 | D:7      | Chiseanne: yah..I got a good sturdy char going but at some point it got very hard
  1518 | D:7      | wingboner: I need games that can be dropped at any moment, because of my job.
  1518 | D:7      | Chiseanne: maybe you should..its very good...a extremley good char/ability sysstem wich leaves a lot of room to try out different styles
  1518 | D:7      | Chiseanne: ok yes
  1524 | D:8      | Reached ** piety under Trog
  1577 | D:8      | Noticed a komodo dragon
  1588 | D:7      | Reached skill level 5 in Armour
  1588 | D:7      | Reached XP level 7. HP: 19/61 MP: 6/6
  1805 | D:8      | Killed a komodo dragon
  1805 | D:8      | Reached skill level 5 in Dodging
  1813 | D:8      | Noticed a hungry ghost
  1826 | D:8      | Slain by an orc

Vault maps used:
D:1:      dpeg_arrival_rooms_c
D:2:      lemuel_round_altar, first_bread, minmay_nonomino_d4, uniq_jessica,
          uniq_natasha
D:3:      lemuel_doored_altar, marbit_many_paths, overflow_temple_1_default,
          nicolae_gozag_cash_rules_everything_around_me, uniq_grinder
D:4:      overflow_temple_1_default, old_standard_altar, serial_shops,
          nicolae_shop_crystal, uniq_duvessa
D:5:      lightli_temple_of_fire, lemuel_crystal_altar, temple_hall, uniq_ijyb
D:6:      kennysheep_mini, gammafunk_temple_overflow_wave

Skill      XL: |  1  2  3  4  5  6  7 |
---------------+----------------------+-----
Axes           | 4 5 6 |  6.6
Fighting       | 4 5 6 |  6.2
Armour         | 3 4 5 |  5.8
Dodging        | 3 4 5 |  5.4

Action                   |  1- 3 |  4- 6 |  7- 9 || total
-------------------------+-------+-------+-------++-------
Melee: Hand axe          |    50 |    58 |    22 ||   130
       Headbutt          |    10 |     7 |     3 ||    20
Invok: Berserk           |     1 |     1 |     1 ||     3
  Use: Scroll            |       |     3 |       ||     3
  Eat: Chunk             |       |     4 |     1 ||     5
Armor: Animal skin       |     4 |       |       ||     4
       Ring mail         |     1 |    16 |    16 ||    33
Dodge: Dodged            |    32 |    41 |    27 ||   100

Table legend:
 A = Spawn XP
 B = Non-spawn XP
 C = Spawn XP percentage of total XP
 D = Spawn monster count
 E = Non-spawn monster count
 F = Spawn count percentage of total count
 G = Total turns spent on level
                    A         B        C        D         E        F      G
               +---------+---------+-------+---------+---------+-------+---------
         Total |       1 |    1298 |   0.1 |       1 |      48 |   2.0 |  1826
               +---------+---------+-------+---------+---------+-------+---------
           D:1 |       1 |      27 |   3.6 |       1 |      16 |   5.9 |   710
           D:2 |       0 |       5 |   0.0 |       0 |       3 |   0.0 |    77
           D:3 |       0 |      20 |   0.0 |       0 |       5 |   0.0 |    87
           D:4 |       0 |     402 |   0.0 |       0 |      10 |   0.0 |   530
           D:5 |       0 |      36 |   0.0 |       0 |       1 |   0.0 |    75
           D:7 |       0 |     155 |   0.0 |       0 |       2 |   0.0 |   255
           D:8 |       0 |     653 |   0.0 |       0 |      11 |   0.0 |    87
               +---------+---------+-------+---------+---------+-------+---------
